Map: Prion Terraces

Players

Miszu

  • Race: Terran Terran
  • League: Grandmaster

IIIIIIIII - Winner!

  • Race: Zerg Zerg
  • League: Master

VOD

Have the link to the VOD?

Description

Time

  • Played on: Feb. 7, 2016, 5:19 p.m.
  • Length: 6:36
Show
View Real Time Build Order
Export as new Build Order

Miszu Terran 

Build Orders: Hellion Opening 

Get SALT Encoding   

  12  0:01  SCV  
  13  0:13  SCV  
  14  0:17  Supply Depot  
  14  0:25  SCV  
  15  0:39  SCV  
  16  0:44  Barracks  
  16  0:46  Refinery  
  16  0:51  SCV  
  17  1:03  SCV  
  18  1:15  SCV  
  19  1:31  Orbital Command  
  19  1:32  Marine  
  20  1:49  Command Center  
  20  1:57  SCV  
  21  2:01  Factory  
  21  2:06  Refinery  
  21  2:07  Barracks Reactor  
  21  2:09  SCV  
  22  2:21  SCV  
  23  2:38  Supply Depot  
  23  2:47  Factory  
  23  2:53  Barracks Tech Lab  
  23  2:59  SCV  
  23  3:00  Hellion x2  
  23  3:04  Orbital Command  
  28  3:11  SCV  
  29  3:21  Hellion x2  
  29  3:23  SCV  
  34  3:32  SCV  
  35  3:36  Cyclone, SCV  
  35  3:37  Mag-Field Accelerator  
  39  3:42  Hellion  
  39  3:44  SCV  
  39  3:48  Hellion, SCV  
  45  3:50  Supply Depot  
  45  3:55  Supply Depot  
  45  3:56  SCV  
  46  4:11  Cyclone, SCV x2  
  46  4:13  Hellion  
  46  4:16  Supply Depot, Hellion  
  55  4:23  SCV  
  56  4:40  Hellion  
  56  4:43  Cyclone  
  59  4:53  SCV  
  59  4:54  Hellion, SCV  
  63  5:00  Command Center  
  63  5:01  Hellion  
  63  5:05  SCV  
  63  5:06  SCV  
  67  5:09  Factory, Refinery x2  
  67  5:17  SCV  
  67  5:19  Supply Depot, SCV  
  67  5:21  Supply Depot  
  69  5:34  SCV  
  70  5:41  Hellion x2, Cyclone, SCV  
  78  5:46  SCV  
  79  5:53  Supply Depot, SCV  
  80  6:03  SCV  
  81  6:04  Factory Tech Lab  
  81  6:05  Hellion x2, SCV  
  81  6:08  Supply Depot  
  88  6:19  SCV  
Show
View Real Time Build Order
Export as new Build Order

IIIIIIIII Zerg - Winner!

Build Orders: Hatch First 

Get SALT Encoding   

  12  0:01  Drone  
  13  0:12  Overlord  
  13  0:19  Drone  
  14  0:31  Drone x2  
  16  0:36  Drone  
  17  0:47  Drone  
  18  1:05  Hatchery  
  18  1:10  Drone x2  
  19  1:12  Extractor  
  18  1:24  Drone, Spawning Pool  
  18  1:28  Drone  
  19  1:42  Drone  
  20  1:52  Overlord  
  19  2:11  Queen  
  21  2:17  Queen  
  21  2:18  Zergling x4  
  21  2:19  Zergling x2  
  26  2:24  Metabolic Boost  
  26  2:29  Drone x2  
  28  2:34  Drone  
  29  2:39  Drone  
  30  2:45  Drone  
  31  2:56  Extractor  
  31  2:57  Extractor, Drone x2  
  31  2:58  Hatchery  
  30  3:06  Roach Warren  
  30  3:08  Queen  
  30  3:10  Drone  
  32  3:13  Drone  
  32  3:15  Drone  
  32  3:19  Drone  
  35  3:20  Drone  
  35  3:24  Overlord  
  36  3:29  Overlord  
  36  3:46  Drone  
  36  3:47  Drone x2  
  39  3:49  Drone x2  
  39  3:50  Drone  
  39  3:55  Lair  
  42  4:01  Roach  
  44  4:09  Overlord, Drone x3  
  47  4:10  Queen  
  47  4:13  Roach x2  
  53  4:19  Roach  
  53  4:20  Roach  
  57  4:24  Overlord  
  57  4:30  Roach x3  
  63  4:40  Roach  
  63  4:41  Overlord  
  65  4:52  Glial Reconstitution  
  63  4:59  Roach x5  
  72  5:04  Overlord  
  72  5:05  Overlord x2  
  72  5:14  Overlord  
  72  5:29  Roach x9  
  72  5:30  Roach  
  88  5:37  Roach x2  
  92  5:44  Roach x3  
  98  5:50  Overlord  
  98  5:53  Overlord  
  98  6:08  Overlord x2  
  98  6:09  Roach  
  98  6:10  Roach x3  
Tags
 
Add a new tag
Caveats
  • Supply blocks, unpowered buildings, or Contaminate may cause inaccurate times.
  • Supply counts are checked every 10 seconds.